 Dungeon Crawl Stone Soup version 0.16-a0-910-g739c61c (webtiles) character file.

183 Chiseanne the Magician (level 5, -8/26 HPs)
             Began as a Vine Stalker Transmuter on Sept 29, 2014.
             Mangled by an ice beast (9 damage)
             ... on Level 5 of the Dungeon.
             The game lasted 00:16:05 (2315 turns).

Chiseanne the Magician (Vine Stalker Transmuter)    Turns: 2315, Time: 00:16:05

HP  -8/26        AC  4     Str 13      XL: 5   Next: 62%
MP   0/13        EV 11     Int 14      God:
Gold 120         SH  0     Dex 14      Spells:  2 memorised,  7 levels left

rFire  . . .     SeeInvis .       - Unarmed
rCold  . . .     Clarity  .     j - +0 leather armour
rNeg   . . .     rCorr    +     (no shield)
rPois  .         rRot     +     (no helmet)
rElec  .         Spirit   +     (no cloak)
SustAb .         Warding  .     (no gloves)
rMut   .         Rnd*Tele +     (no boots)
Gourm  .                        n - amulet of resist corrosion
MR     .....                    (no ring)
                                k - cursed ring of teleportation

@: not resistant to hostile enchantments, very unstealthy
A: fangs 2, rugged brown scales 1, regeneration 1, magic shield, antimagic bite,
no device heal 3, rot immunity
a: Evoke Teleportation


You were on level 5 of the Dungeon.
You were not hungry.

You visited 1 branch of the dungeon, and saw 5 of its levels.

You collected 120 gold pieces.

Inventory:

Missiles
 b - 25 arrows
Armour
 j - a +0 leather armour (worn)
Comestibles
 a - a bread ration
 f - a slice of pizza
 i - a beef jerky
 l - 4 fruits
 p - a meat ration
Scrolls
 m - 4 scrolls of teleportation
 q - a scroll of identify
Jewellery
 k - a cursed ring of teleportation (left hand)
 n - an amulet of resist corrosion (around neck)
Potions
 e - a potion of might
 h - a potion of resistance {unknown}
 o - a potion of curing
Books
 d - a book of Changes

   Spells                             Type                      Level
   *Beastly Appendage                 Transmutation                1
   Sticks to Snakes                   Transmutation                2
   *Spider Form                       Transmutation/Poison         3
   Ice Form                           Ice/Transmutation            4
   Blade Hands                        Transmutation                5


   Skills:
 * Level 2.1 Fighting
 * Level 2.5 Dodging
 * Level 3.2 Unarmed Combat
 * Level 3.6 Spellcasting
 * Level 3.1 Transmutations


You had 7 spell levels left.
You knew the following spells:

 Your Spells              Type           Power        Failure   Level  Hunger
a - Beastly Appendage     Trmt           ##....       6%          1    None
b - Spider Form           Trmt/Pois      #.........   38%         3    ###....


Dungeon Overview and Level Annotations

Branches:
Dungeon (5/15)
 Temple: D:4-7

Altars:
Gozag
Nemelex Xobeh
Okawaru
Xom

Annotations:
D:2 exclusion: downstairs
D:3 Grinder
D:4 Chiseanne's ghost, average FoFi


Innate Abilities, Weirdness & Mutations

You have extremely sharp teeth.
Your natural rate of healing is unusually fast.
When hurt, damage is shared between your health and your magic reserves.
Your bite disrupts and absorbs the magic of your enemies.
Potions and wands cannot restore your health.
You are immune to rotting.
You are partially covered in rugged brown scales (AC +1, +3% HP).


Message History

* * * LOW HITPOINT WARNING * * *
Drink which item? (? for menu, Esc to quit)
You feel better.
It was a potion of curing.
Your transformation is almost over.
The ice beast barely misses you.
Drink which item? (? for menu, Esc to quit)
You have no ailments to cure.
Drink which item? (? for menu, Esc to quit)
Your magical effects are unravelling.
You feel magically purged.
It was a potion of cancellation.
You feel a little less mighty now. The ice beast closely misses you.
Drink which item? (? for menu, Esc to quit)
Rugged brown scales grow over part of your body.
You feel fantastic!
It was a potion of beneficial mutation.
Your horns disappear.
The ice beast hits you.
* * * LOW HITPOINT WARNING * * *
The ice beast freezes you!
You die...

. .# .. #.
##. #..
#..## #..@#
#......Y..#
#..##.##...
# ..# ##..#
##. .## # #


You could see an ice beast.

Vanquished Creatures
  A hound (D:4)
  An orc wizard (D:4)
  2 adders
  2 giant mites
  3 worms (D:2)
  6 giant geckos
  An ooze (D:2)
  3 orcs (D:4)
  14 bats
  8 giant cockroaches
  4 hobgoblins
  7 jackals
  A quokka (D:2)
  2 ball pythons
  4 giant newts
  8 goblins
  6 kobolds
  A kobold skeleton (D:4)
  6 rats
80 creatures vanquished.

Notes
Turn   | Place    | Note
--------------------------------------------------------------
     0 | D:1      | Chiseanne, the Vine Stalker Transmuter, began the quest for the Orb.
     0 | D:1      | Reached XP level 1. HP: 9/9 MP: 3/3
     2 | D:1      | Learned a level 1 spell: Beastly Appendage
   120 | D:1      | Reached skill level 1 in Fighting
   174 | D:1      | Reached XP level 2. HP: 4/14 MP: 2/6
   331 | D:1      | Found an iron altar of Okawaru.
   450 | D:1      | Reached XP level 3. HP: 16/18 MP: 5/7
   455 | D:1      | Learned a level 3 spell: Spider Form
  1041 | D:2      | Found a sparkling altar of Nemelex Xobeh.
  1153 | D:2      | Reached XP level 4. HP: 22/22 MP: 7/9
  1186 | D:2      | Found an opulent altar of Gozag.
  1414 | D:2      | Found a shimmering altar of Xom.
  1766 | D:3      | Noticed Grinder
  1879 | D:3      | Paralysed by Grinder for 3 turns
  2047 | D:4      | Reached XP level 5. HP: 19/26 MP: 9/13
  2288 | D:4      | Noticed Chiseanne's ghost (average FoFi)
  2305 | D:5      | Entered Level 5 of the Dungeon
  2305 | D:5      | Noticed an ice beast
  2315 | D:5      | Gained mutation: You are partially covered in rugged brown scales (AC +1, +3% HP). [potion of beneficial mutation]
  2315 | D:5      | HP: 1/26 [ice beast (2)]
  2315 | D:5      | Mangled by an ice beast

Action                   |  1- 3 |  4- 6 || total
-------------------------+-------+-------++-------
Melee: Unarmed           |   117 |   167 ||   284
 Cast: Beastly Appendage |    20 |    27 ||    47
  Use: Potion            |     1 |     4 ||     5
       Scroll            |     4 |       ||     4
  Eat: Royal jelly       |     1 |       ||     1
       Chunk             |       |     2 ||     2
       Beef jerky        |       |     1 ||     1
